 Dungeon Crawl Stone Soup version 0.27-b1-42-g19c61b19a5 (webtiles) character file.

Game seed: 11327707254505088543

161 shoop the Magician (level 5, -1/37 HPs)
             Began as a Djinni Air Elementalist on July 30, 2021.
             Slain by an iguana (11 damage)
             ... on level 4 of the Dungeon.
             The game lasted 00:05:02 (3456 turns).

shoop the Magician (Djinni Air Elementalist)        Turns: 3456, Time: 00:05:03

Health: -1/37      AC:  3    Str:  7    XL:     5   Next: 70%
Gold:   148        EV: 11    Int: 18    God:
                   SH:  0    Dex: 13

rFire    + + .     SeeInvis .   l - +1 whip (elec)
rCold    x . .     Faith    .   (no shield)
rNeg     . . .     Spirit   .   b - +0 leather armour
rPois    ∞         Reflect  .   (no helmet)
rElec    .         Harm     .   (no cloak)
rCorr    .         Rampage  .   (no gloves)
Will     .....                  (boots unavailable)
Stlth    ++........             (no amulet)
HPRegen  0.12/turn              (no ring)
MPRegen  0.00/turn              (no ring)

@: swift, flying, very quick
A: sickness immunity, fire resistance 2, cold vulnerability 1, float, innate
caster, hp casting, extra vitality 1
a: no special abilities


You were on level 4 of the Dungeon.
You visited 1 branch of the dungeon, and saw 4 of its levels.

You collected 148 gold pieces.

Inventory:

Hand Weapons
 f - a +0 flail
 l - a +1 whip of electrocution (weapon)
 n - a +2 flail of protection
Armour
 a - a +0 robe
 b - a +0 leather armour (worn)
Scrolls
 e - a scroll of teleportation {unknown}
 h - 3 scrolls of identify {unknown}
 i - a scroll of vulnerability {unknown}
 j - a scroll of acquirement {unknown}
 m - 2 scrolls of enchant armour {unknown}
 o - a scroll of fear {unknown}
Potions
 c - 2 potions of invisibility {unknown}
 d - a potion of attraction {unknown}
 g - a potion of lignification {unknown}
 k - a potion of flight {unknown}


   Skills:
 + Level 1.1 Fighting
 + Level 0.5 Maces & Flails
 - Level 2.0 Armour
 - Level 2.1 Dodging
 - Level 2.0 Stealth
 * Level 3.8 Spellcasting


You couldn't memorise any spells.
You knew the following spells:

 Your Spells              Type           Power      Damage    Failure   Level
a - Shock                 Conj/Air       68%        1d7       4%          1
b - Static Discharge      Conj/Air       17%        N/A       7%          2
c - Swiftness             Air            17%        N/A       13%         3
d - Airstrike             Air            8%         N/A       41%         4
e - Foxfire               Conj/Fire      68%        2x1d7     4%          1
f - Passwall              Tmut/Erth      14%        N/A       7%          2
Your spell library was empty.

Dungeon Overview and Level Annotations

Branches:
Dungeon (4/15)
 Temple: D:4-7

Altars:


Innate Abilities, Weirdness & Mutations

You are immune to sickness and miasma.
You are immune to poison.
Your flesh is very heat resistant. (rF++)
You are vulnerable to cold. (rC-)
You float through the air rather than walking.
You learn spells naturally, not from books.
Your magical power is your life essence.
You have superior vitality. (+4 HP)


Message History

Casting: Shock (safe; 4% risk of failure)
Confirm with . or Enter, or press ? or * to list all spells.
Aiming: Shock (safe; 4% risk of failure)
Press: ? - help, Shift-Dir - straight line, f/p - iguana
Aim: an iguana (lightly wounded, 75% to hit)
The zap misses the iguana.
Casting: Shock (safe; 4% risk of failure)
Confirm with . or Enter, or press ? or * to list all spells.
Aiming: Shock (safe; 4% risk of failure)
Press: ? - help, Shift-Dir - straight line, f/p - iguana
Aim: an iguana (lightly wounded, 75% to hit)
The zap hits the iguana.
The iguana is moderately wounded.
Casting: Shock (safe; 4% risk of failure)
Confirm with . or Enter, or press ? or * to list all spells.
Aiming: Shock (safe; 4% risk of failure)
Press: ? - help, Shift-Dir - straight line, f/p - iguana
Aim: an iguana (moderately wounded, 75% to hit)
The zap hits the iguana.
The iguana is heavily wounded.
The zap hits the iguana.
The iguana is heavily wounded.
You hit the iguana.
The iguana is severely wounded.
The iguana bites you. x2
You barely miss the iguana.
The iguana is severely wounded.
The iguana closely misses you.
You hit the iguana but do no damage.
The iguana is severely wounded.
The iguana bites you!
You are too injured to fight recklessly!
Unknown command.
Casting: Shock (safe; 4% risk of failure)
Confirm with . or Enter, or press ? or * to list all spells.
The spell is quite dangerous to cast (13% risk of failure)!
Continue anyway?
You feel quick.
* * * LOW HITPOINT WARNING * * *
The iguana bites you!
You die...

. .. ..$ ....
.....
#.....########
..#..l@#....#
#............##
#..........#(.###
..........##....#
............<...#
##..............#
#..........##..##
...##....... ###
.# #.......#


You could see an iguana.

Vanquished Creatures
  An orc priest (D:3)
  4 adders (D:2)
  A worm (D:3)
  A dart slug (D:2)
  5 orcs (D:3)
  3 endoplasms
  4 giant cockroaches
  2 goblins
  7 hobgoblins
  18 jackals
  4 quokkas
  8 ball pythons
  9 bats
  A frilled lizard (D:2)
  3 kobolds (D:1)
  6 rats
77 creatures vanquished.

Vanquished Creatures (others)
  5 toadstools (D:3)
5 creatures vanquished.

Grand Total: 82 creatures vanquished

Notes
Turn   | Place    | Note
-------+----------+-------------------------------------------
     0 | D:1      | shoop the Djinni Air Elementalist began the quest for the
                  | Orb.
     0 | D:1      | Reached XP level 1. HP: 15/15 MP: 0/0
    49 | D:1      | Reached XP level 2. HP: 6/21 MP: 0/0
   844 | D:1      | Reached skill level 1 in Armour
   844 | D:1      | Reached XP level 3. HP: 20/25 MP: 0/0
   844 | D:1      | Learned a level 1 spell: Foxfire
  1167 | D:2      | Reached skill level 3 in Spellcasting
  1184 | D:2      | Reached XP level 4. HP: 23/31 MP: 0/0
  2323 | D:2      | Found a faded altar of an unknown god.
  2630 | D:3      | Reached XP level 5. HP: 24/35 MP: 0/0
  2630 | D:3      | Learned a level 2 spell: Passwall
  3052 | D:3      | Reached skill level 1 in Fighting
  3345 | D:4      | Noticed an ogre
  3456 | D:4      | Slain by an iguana

Illustrated notes

Levels and vault maps discovered:
D:1:      dpeg_arrival_another_circle, layout_rooms
D:2:      layout_basic, hellmonk_ecumenical_altar_blasted
D:3:      layout_rooms, minmay_gold_behind_fungi
D:4:      layout_cave_pools, mainiacjoe_overflow_cross_hatched,
          minmay_temple_entry_statues_pillars, uniq_crazy_yiuf_cottage

Skill      XL: |  1  2  3  4  5 |
---------------+----------------+-----
Armour         | 1 2 |  2.0
Stealth        | 2 |  2.0
Spellcasting   | 3 |  3.8
Fighting       | 1 |  1.1
Maces & Flails | |  0.5
Dodging        | |  2.1

Action                   |  1- 3 |  4- 6 || total
-------------------------+-------+-------++-------
Melee: Flail             |     3 |     2 ||     5
       Whip              |       |    15 ||    15
 Cast: Shock             |    56 |    99 ||   155
       Static Discharge  |       |     6 ||     6
       Swiftness         |       |     1 ||     1
Armor: Leather armour    |     7 |     8 ||    15
Dodge: Dodged            |    14 |    13 ||    27
